 Dungeon Crawl Stone Soup version 0.25-a0-424-g80bd347ae0 (webtiles) character file.

Game seed: 8013093244400985191, levelgen mode: deterministic

11194 Kohma the Basher (level 11, -5/60 HPs)
             Began as a Gargoyle Fighter on Jan 21, 2020.
             Was a Believer of Makhleb.
             Hit by a large rock thrown by a cyclops (10 damage)
             ... on level 11 of the Dungeon.
             The game lasted 00:35:21 (9958 turns).

Kohma the Basher (Gargoyle Fighter)                 Turns: 9958, Time: 00:35:21

Health: -5/60      AC: 26    Str: 23    XL:     11   Next: 73%
Magic:  11/11      EV: 10    Int: 11    God:    Makhleb [**....]
Gold:   536        SH: 14    Dex:  9    Spells: 10/10 levels left

rFire    . . .     SeeInvis +   b - +3 morningstar
rCold    . . .     Gourm    .   T - +0 shield {AC+3}
rNeg     + . .     Faith    .   x - +0 chain mail {MR+}
rPois    ∞         Spirit   .   p - +3 crown of Dyrovepreva {rElec Int+2 SInv}
rElec    +         Reflect  +   U - +1 cloak
rCorr    .         Harm     .   (no gloves)
MR       ++...                  (no boots)
Stlth    ..........             L - +2 amulet of reflection
HPRegen  0.20/turn              q - +3 ring of evasion
MPRegen  0.12/turn              P - ring of protection from magic

@: no status effects
A: negative energy resistance 1, electricity resistance, unbreathing,
petrification resistance, rot immunity, AC +8
a: Minor Destruction, Renounce Religion


You were on level 11 of the Dungeon.
You worshipped Makhleb.
Makhleb was pleased with you.
You were not hungry.

You visited 2 branches of the dungeon, and saw 12 of its levels.

You collected 536 gold pieces.

Inventory:

Hand Weapons
 a - a +4 mace of protection
 b - a +3 morningstar (weapon)
 g - a +0 fustibalus
Missiles
 o - 3 curare-tipped darts
 r - 58 poisoned darts (quivered)
 t - 5 javelins
 y - 56 sling bullets
 S - a throwing net
Armour
 l - a +0 ring mail of cold resistance
 p - the +3 crown of Dyrovepreva (worn) {rElec Int+2 SInv}
   (You found it on level 11 of the Dungeon)

   It affects your intelligence (+2).
   It insulates you from electricity.
   It lets you see invisible.
 x - a +0 chain mail of magic resistance (worn)
 D - a +0 helmet
 T - a +0 shield of protection (worn)
 U - a +1 cloak (worn)
Jewellery
 q - a +3 ring of evasion (left hand)
 J - a +3 ring of strength
 L - a +2 amulet of reflection (around neck)
 P - a ring of protection from magic (right hand)
Wands
 k - a wand of digging (5)
 w - a wand of random effects (36)
 I - a wand of acid (16)
 M - a wand of enslavement (3)
 N - a wand of iceblast (8)
 Q - a wand of polymorph (9)
Scrolls
 e - 5 scrolls of fear
 j - 10 scrolls of teleportation
 n - 3 scrolls of remove curse
Potions
 c - a potion of ambrosia {unknown}
 d - 4 potions of might
 i - 4 potions of lignification
 m - 4 potions of mutation
 s - a potion of agility {unknown}
 u - a potion of resistance
 A - a potion of haste
 B - 2 potions of curing
 C - a potion of brilliance {unknown}
 G - 4 potions of flight
 K - 4 potions of heal wounds {unknown}
Comestibles
 f - 20 rations
 h - 8 chunks of flesh


   Skills:
 - Level 3.2 Fighting
 - Level 14.0 Maces & Flails
 - Level 6.0 Armour
 + Level 11.5 Shields


You had 10 spell levels left.
You didn't know any spells.
Your spell library contained the following spells:

 Spells                   Type           Power        Failure   Level  Hunger
 Magic Dart               Conj           #...         98%         1    ##.....
 Blink                    Tloc           N/A          99%         2    ###....
 Call Imp                 Summ           #.......     99%         2    ###....
 Slow                     Hex            #.......     99%         2    ###....
 Conjure Flame            Conj/Fire      #.......     100%        3    ####...
 Mephitic Cloud           Conj/Pois/Air  #.......     100%        3    ####...
 Malign Gateway           Summ/Tloc      #.........   100%        7    #######
 Monstrous Menagerie      Summ           #.........   100%        7    #######
 Summon Greater Demon     Summ           #.........   100%        7    #######
 Summon Horrible Things   Summ           #.........   100%        8    #######


Dungeon Overview and Level Annotations

Branches:
Dungeon (11/15)            Temple (1/1) D:6             Orc (0/2) D:9
   Lair: D:8-11

Altars:
Ashenzari
Cheibriados
Dithmenos
Elyvilon
Fedhas
Gozag
Hepliaklqana
Kikubaaqudgha
Makhleb
Nemelex Xobeh
Okawaru
Qazlal
Ru
Sif Muna
Trog
Uskayaw
Vehumet
Wu Jian
Xom
Yredelemnul
Zin
The Shining One

Shops:
D:7 (


Innate Abilities, Weirdness & Mutations

You are resistant to torment.
Your stone body is resilient. (AC +8)
You are immune to poison.
You resist negative energy. (rN+)
You are resistant to electric shocks. (rElec)
You can survive without breathing.
You are immune to petrification.
You are immune to rotting.


Message History

The crimson imp shouts!
The crimson imp throws a stone.
The stone closely misses you.
A cyclops comes into view.
The cyclops shouts!
The cyclops throws a large rock.
The large rock hits you!!
You see here a large rock.
The crimson imp throws a stone.
You reflect the stone off an invisible shield around you!
The stone hits the crimson imp but does no damage.
The cyclops throws a large rock.
The large rock hits you!!
* * * LOW HITPOINT WARNING * * *
You see here a large rock.
The crimson imp throws a stone.
You reflect the stone off an invisible shield around you!
The stone barely misses the crimson imp.
The crimson imp blinks!
The cyclops throws a large rock.
You reflect the large rock off an invisible shield around you!
The large rock hits the cyclops!!
The cyclops throws a large rock.
The large rock hits you!
You die...

+..................
##≈≈.≈≈≈......# #.# #
##≈≈≈.≈≈≈≈##...# #.#.#
##≈≈≈≈.≈≈≈≈##(..# #.#.#
.#≈≈≈≈≈.≈≈≈÷.#..####.#.#
.≈≈≈≈≈≈.......(........#.###
≈.............(.............
..........≈≈.≈≈.≈<##.###.##
;.≈.≈≈≈≈≈..≈.≈..@...(#...##
≈.≈.≈≈≈≈≈≈.≈(#.............#
(........(..>#......##.###.#
≈.≈≈≈≈≈.##.#............#
....≈≈≈.##.#...C........#
....≈≈#.##..............#
≈##.###.5##.#.......#
#...C.........####.##
.#.#.........####.#


You could see a cyclops and a crimson imp.

Vanquished Creatures
  An ogre mage (D:10)
  6 two-headed ogres
  A tengu warrior (D:10)
  A cyclops (D:11)
  A kobold demonologist (D:10)
  A komodo dragon (D:10)
  2 hippogriffs (D:7)
  Sigmund (D:3)
  A human (shapeshifter) (D:10)
  Edmund (D:6)
  2 orc warriors
  5 ice beasts
  A sky beast (D:10)
  An eye of draining (D:10)
  4 ogres
  A necrophage (D:10)
  4 phantoms
  2 black bears (D:10)
  3 centaurs
  A big kobold (D:9)
  A bullfrog (D:7)
  A gnoll sergeant (D:5)
  A water moccasin zombie (D:7)
  4 scorpions
  A wyvern skeleton (D:10)
  14 killer bees
  3 electric eels (D:11)
  2 howler monkeys
  A bullfrog zombie (D:6)
  2 crimson imps
  A quasit (D:10)
  A centaur zombie (D:9)
  3 hounds
  3 jellies
  4 orc priests
  Crazy Yiuf (D:6)
  Jessica (D:3)
  3 iguanas
  5 worker ants
  Terence (D:3)
  A hound zombie (D:10)
  4 hound skeletons
  2 worker ant zombies
  4 adders
  6 gnolls
  4 shadow imps
  An ooze (D:1)
  3 adder zombies (D:6)
  6 worms
  3 leopard geckos
  22 orcs
  6 bats
  5 giant cockroaches
  9 goblins
  11 hobgoblins
  6 jackals
  5 quokkas
  6 frilled lizards
  8 kobolds
  A leopard gecko skeleton (D:4)
  A quokka skeleton (D:4)
  A quokka zombie (D:7)
  4 rats
212 creatures vanquished.

Vanquished Creatures (others)
  7 fungi (D:11)
7 creatures vanquished.

Grand Total: 219 creatures vanquished

Notes
Turn   | Place    | Note
-------+----------+-------------------------------------------
     0 | D:1      | Kohma the Gargoyle Fighter began the quest for the Orb.
     0 | D:1      | Reached XP level 1. HP: 14/14 MP: 1/1
   161 | D:1      | Reached XP level 2. HP: 19/19 MP: 2/2
   830 | D:2      | Reached skill level 3 in Maces & Flails
   853 | D:2      | Reached XP level 3. HP: 23/23 MP: 3/3
  1438 | D:3      | Noticed Jessica
  1445 | D:3      | Killed Jessica
  1445 | D:3      | Reached XP level 4. HP: 28/28 MP: 4/4
  1445 | D:3      | Noticed Sigmund
  1671 | D:3      | Noticed Terence
  1677 | D:3      | Reached skill level 4 in Maces & Flails
  2014 | D:3      | Killed Sigmund
  2014 | D:3      | Reached skill level 5 in Maces & Flails
  2014 | D:3      | Reached skill level 5 in Shields
  2014 | D:3      | Reached XP level 5. HP: 24/32 MP: 5/5
  2014 | D:3      | Reached XP level 6. HP: 28/37 MP: 6/6
  2037 | D:3      | Killed Terence
  2733 | D:4      | Noticed a phantom
  2807 | D:4      | Killed a phantom
  2807 | D:4      | Reached skill level 6 in Maces & Flails
  2807 | D:4      | Reached XP level 7. HP: 39/41 MP: 7/7
  2874 | D:4      | Found a glowing golden altar of the Shining One.
  3177 | D:5      | Entered Level 5 of the Dungeon
  3817 | D:5      | Reached skill level 7 in Maces & Flails
  4139 | D:6      | Reached XP level 8. HP: 46/46 MP: 8/8
  4581 | D:6      | Got a heavily runed platinum amulet
  4592 | D:6      | Identified the amulet of Polytheism {Gourm rPois} (You
                  | found it on level 6 of the Dungeon)
  4729 | D:6      | Reached skill level 8 in Maces & Flails
  4733 | D:6      | Found a staircase to the Ecumenical Temple.
  4760 | Temple   | Entered the Ecumenical Temple
  4906 | Temple   | Became a worshipper of Makhleb the Destroyer
  5030 | D:6      | Noticed Edmund
  5041 | D:6      | Killed Edmund
  5073 | D:6      | Found a runed translucent door.
  5074 | D:6      | Noticed Crazy Yiuf
  5082 | D:6      | Killed Crazy Yiuf
  5206 | D:7      | Found Tuneer's Antique Weapon Shoppe.
  5208 | D:7      | Noticed a hippogriff
  5220 | D:7      | Killed a hippogriff
  5220 | D:7      | Reached skill level 5 in Armour
  5220 | D:7      | Reached XP level 9. HP: 44/51 MP: 9/9
  5237 | D:7      | Found a glowing golden altar of the Shining One.
  5238 | D:7      | Found an iron altar of Okawaru.
  5240 | D:7      | Found a shattered altar of Ashenzari.
  5240 | D:7      | Found a sacrificial altar of Ru.
  5242 | D:7      | Found a hazy altar of Hepliaklqana.
  5243 | D:7      | Found a stormy altar of Qazlal.
  5259 | D:7      | Reached skill level 9 in Maces & Flails
  5702 | D:7      | Reached * piety under Makhleb
  6374 | D:8      | Noticed a two-headed ogre
  6385 | D:8      | Killed a two-headed ogre
  6385 | D:8      | Reached skill level 10 in Maces & Flails
  6787 | D:8      | Reached XP level 10. HP: 41/56 MP: 10/10
  7094 | D:9      | Reached skill level 11 in Maces & Flails
  7127 | D:9      | Reached ** piety under Makhleb
  7224 | D:9      | Found a staircase to the Orcish Mines.
  7466 | D:9      | Noticed a two-headed ogre
  7492 | D:9      | Killed a two-headed ogre
  7809 | D:10     | Entered Level 10 of the Dungeon
  7984 | D:10     | Noticed a two-headed ogre
  8008 | D:10     | Killed a two-headed ogre
  8008 | D:10     | Reached skill level 12 in Maces & Flails
  8008 | D:10     | Reached skill level 10 in Shields
  8256 | D:10     | Noticed a two-headed ogre
  8270 | D:10     | Killed a two-headed ogre
  8590 | D:10     | Noticed an ogre mage
  8592 | D:10     | Reached XP level 11. HP: 60/60 MP: 11/11
  8599 | D:10     | Paralysed by an ogre mage for 3 turns
  8604 | D:10     | Killed an ogre mage
  8612 | D:10     | Reached skill level 13 in Maces & Flails
  8706 | D:10     | Noticed a tengu warrior
  8707 | D:10     | Reached *** piety under Makhleb
  8785 | D:10     | Killed a tengu warrior
  9190 | D:10     | Noticed a two-headed ogre
  9212 | D:10     | Killed a two-headed ogre
  9261 | D:10     | Noticed a two-headed ogre
  9281 | D:10     | Killed a two-headed ogre
  9796 | D:11     | Noticed a cyclops
  9830 | D:11     | Killed a cyclops
  9830 | D:11     | Reached skill level 14 in Maces & Flails
  9858 | D:11     | Found the +3 crown of Dyrovepreva {rElec Int+2 SInv}
  9954 | D:11     | Noticed a cyclops
  9958 | D:11     | Hit by a large rock thrown by a cyclops

Levels and vault maps discovered:
D:1:      ebering_trefoil_twist, layout_basic
D:2:      layout_loops_ring, ebering_dispersal_statue_hall,
          chequers_mini_garden, minivault_4
D:3:      layout_basic, first_ration, uniq_sigmund, uniq_terence, uniq_jessica
D:4:      layout_cave_pools, lemuel_tele_altar
D:5:      layout_cave_pods
D:6:      layout_basic, temple_hall, minmay_door_square,
          uniq_crazy_yiuf_cottage, uniq_edmund
D:7:      layout_basic, grunt_temple_overflow_open, serial_shops, shop_statue,
          sigmund_army
D:8:      layout_basic
D:9:      layout_small_grid, orc_0_dummy, serial_glass, glass_columns_a,
          glass_columns_a
D:10:     layout_loops_corners, grunt_ogre_cave,
          minmay_fractal_squares_gapless_7
D:11:     layout_basic, due_lair_maze_entry_diamond, grunt_decor_fettered,
          st_stairs_8, uniq_psyche
Temple:   regret_index_temple_sphere_string

Skill      XL: |  1  2  3  4  5  6  7  8  9 10 11 |
---------------+----------------------------------+-----
Maces & Flails | 3 5 6 7 8 10 12 14 | 14.0
Shields        | 4 5 6 7 8 10 11 | 11.5
Armour         | 5 6 |  6.0
Fighting       | |  3.2

Action                   |  1- 3 |  4- 6 |  7- 9 | 10-12 || total
-------------------------+-------+-------+-------+-------++-------
Melee: Whip              |    81 |    92 |       |       ||   173
       Flail             |     8 |       |       |       ||     8
       Mace              |       |    79 |   373 |   480 ||   932
       Morningstar       |       |       |       |    41 ||    41
Throw: Javelin           |     6 |       |       |       ||     6
       Dart              |    11 |    17 |    19 |    25 ||    72
Evoke: Wand              |       |       |       |     2 ||     2
  Use: Scroll            |       |       |    18 |     1 ||    19
  Eat: Chunk             |     2 |     4 |    13 |     6 ||    25
       Ration            |       |       |       |     2 ||     2
Armor: Scale mail        |     3 |       |       |       ||     3
       Chain mail        |    10 |    35 |   176 |   173 ||   394
       Plate armour      |    16 |    86 |       |       ||   102
Dodge: Dodged            |    22 |    26 |   115 |   131 ||   294
Block: Shield            |    38 |    74 |   220 |   379 ||   711
       Reflection        |       |       |       |     3 ||     3

Table legend:
 A = Non-vault XP
 B = Vault XP
 C = Vault XP percentage of total XP
 D = Non-vault monster count
 E = Vault monster count
 F = Vault count percentage of total count
                 A         B        C        D         E       F
            +---------+---------+-------+---------+---------+-------
      Total |   12519 |    3473 |  21.7 |     190 |      22 |  10.4
            +---------+---------+-------+---------+---------+-------
        D:1 |      24 |       0 |   0.0 |      12 |       0 |   0.0
        D:2 |      29 |       0 |   0.0 |      11 |       0 |   0.0
        D:3 |      66 |     296 |  81.8 |      29 |       3 |   9.4
        D:4 |     345 |       0 |   0.0 |      22 |       0 |   0.0
        D:5 |     432 |       0 |   0.0 |      12 |       0 |   0.0
        D:6 |     752 |     193 |  20.4 |      17 |       2 |  10.5
        D:7 |    1404 |      12 |   0.8 |      23 |       6 |  20.7
        D:8 |    1173 |       0 |   0.0 |       6 |       0 |   0.0
        D:9 |    2082 |       0 |   0.0 |      22 |       0 |   0.0
       D:10 |    5215 |    2972 |  36.3 |      28 |      11 |  28.2
       D:11 |     997 |       0 |   0.0 |       8 |       0 |   0.0
            +---------+---------+-------+---------+---------+-------
